 Dungeon Crawl Stone Soup version 0.18-a0-1390-gc02854d (webtiles) character file.

35 M4edhros the Insei (level 3, 0/29 HPs)
             Began as a Mummy Monk on Feb 23, 2016.
             Killed from afar by a white imp (4 damage)
             ... with a puff of frost
             ... summoned by Natasha
             ... on level 2 of the Dungeon.
             The game lasted 00:02:19 (3715 turns).

M4edhros the Insei (Mummy Monk)                     Turns: 3715, Time: 00:02:19

Health: 0/29       AC:  0    Str: 14    XL:     3   Next: 16%
Magic:  3/3        EV: 13    Int:  9    God:
Gold:   78         SH:  0    Dex: 15    Spells: 0 memorised, 2 levels left

rFire  x . .     SeeInvis .       - Unarmed
rCold  + . .     Gourm    .     (no armour)
rNeg   + + +     Faith    .     (no shield)
rPois  ∞         Spirit   .     (no helmet)
rElec  .         Dismiss  .     (no cloak)
rCorr  .         Reflect  .     (no gloves)
SustAt .         Harm     .     (no boots)
MR     .....                    (no amulet)
Stlth  ++........               (no ring)
                                (no ring)

@: not resistant to hostile enchantments, unstealthy
A: no food or potions, fire vulnerability, cold resistance 1, negative energy
resistance 3, torment resistance, unbreathing
a: no special abilities


You were on level 2 of the Dungeon.
You were not hungry.

You visited 1 branch of the dungeon, and saw 2 of its levels.

You collected 78 gold pieces.

Inventory:

Scrolls
 b - a scroll of enchant armour
 d - 2 scrolls of blinking {unknown}
 e - a scroll of immolation {unknown}
 f - 2 scrolls of teleportation {unknown}
 g - a scroll of recharging {unknown}
 i - a scroll of identify {unknown}
Comestibles
 h - 3 fruits (quivered)


   Skills:
 - Level 3.0 Fighting
 - Level 2.4 Dodging
 - Level 1.5 Stealth
 + Level 4.2 Unarmed Combat


You had 2 spell levels left.
You didn't know any spells.

Dungeon Overview and Level Annotations

Branches:
Dungeon (2/15)

Altars:

Annotations:
D:2 Natasha


Innate Abilities, Weirdness & Mutations

You do not eat or drink.
Your flesh is vulnerable to fire.
You are immune to poison.
Your flesh is cold resistant.
You are immune to negative energy.
You are immune to unholy pain and torment.
You can survive without breathing.


Message History

As you read the scroll labeled PAUTIR GIEQYUC, it crumbles to dust.
It is a scroll of enchant armour.
You aren't carrying any armour which can be enchanted further.
Natasha casts a spell.
The white imp hits you.
* * * LOW HITPOINT WARNING * * *
The white imp freezes you. You resist.
* * * LOW HITPOINT WARNING * * *
Read which item? (? for menu, Esc to quit)
Okay, then.
You spend a moment contemplating the meaning of unlife.
Sorry, you're not good enough to have a special ability.
You aren't carrying any pieces of jewellery.
Read which item? (? for menu, Esc to quit)
As you read the scroll labeled PEHYAT PUURAFI, it crumbles to dust.
You feel blessed for a moment.
It was a scroll of remove curse.
Natasha claws the plant but does no damage.
The white imp gestures at you. The puff of frost hits you! You resist.
You die...

#######
###########.....#
#...........###.#
#.######@##.###.# #...
..P....5Ph...#.# #..#
.P.....≈≈.5.(#(## #..#
#....P≈≈≈≈%†....# #..#.
#.P.%≈≈≈≈≈≈..#((# #..#.
#P..≈≈≈≈≈≈≈%.#..# #..#.
#...≈≈≈≈≈≈≈≈.#..####....
#.%≈≈≈≈≈≈≈≈≈.#..........
≈≈≈≈≈≈%.##.#####>#.


You could see an iron imp, Natasha and a white imp.

Vanquished Creatures
  An adder (D:2)
  2 dart slugs (D:1)
  3 bats
  2 goblins
  3 hobgoblins
  3 jackals (D:2)
  3 kobolds
  4 rats
21 creatures vanquished.

Notes
Turn   | Place    | Note
--------------------------------------------------------------
     0 | D:1      | M4edhros the Mummy Monk began the quest for the Orb.
     0 | D:1      | Reached XP level 1. HP: 18/18 MP: 1/1
   692 | D:2      | Reached XP level 2. HP: 22/24 MP: 2/2
  3067 | D:2      | Noticed Natasha
  3297 | D:2      | Noticed a crimson imp
  3507 | D:2      | Reached skill level 4 in Unarmed Combat
  3650 | D:2      | Reached XP level 3. HP: 12/29 MP: 3/3
  3715 | D:2      | Killed from afar by a white imp

Vault maps used:
D:1:      dpeg_arrival_chambers_temple_mockup
D:2:      lemuel_coloured_pillars_altar, minmay_fountain_box,
          nrook_loot_triangle, hex_tiny, guppyfry_early_lair_pool, uniq_iyjb,
          uniq_natasha, uniq_terence

Skill      XL: |  1  2 |
---------------+-------+-----
Unarmed Combat | 4 |  4.2
Fighting       | |  3.0
Dodging        | |  2.4
Stealth        | |  1.5

Action                   || total
-------------------------++-------
Melee: Unarmed           ||    68
  Use: Scroll            ||     3
 Stab: Sleeping          ||     2
